 Dungeon Crawl Stone Soup version 0.29-a0-22-gbf593b16ee (webtiles) character file.

Game seed: 12271282613146185996

135 southernslant the Shield-Bearer (level 5, 0/33 HPs)
             Began as a Gargoyle Fighter on Jan 30, 2022.
             Slain by Sigmund (5 damage)
             ... on level 3 of the Dungeon.
             The game lasted 00:02:51 (2191 turns).

southernslant the Shield-Bearer (Gargoyle Fighter)  Turns: 2191, Time: 00:02:51

Health: 0/33       AC: 12    Str: 20    XL:     5   Next: 18%
Magic:  5/5        EV: 10    Int:  8    God:
Gold:   128        SH:  4    Dex: 11    Spells: 4/4 levels left

rFire   . . .      SeeInvis .   a - +0 trident
rCold   . . .      Faith    .   c - +0 buckler
rNeg    + . .      Spirit   .   b - +0 scale mail
rPois   ∞          Reflect  .   (no helmet)
rElec   +          Harm     .   (no cloak)
rCorr   .          Rampage  .   m - +0 pair of gloves
Will    .....                   (no boots)
Stlth   ..........              (no amulet)
HPRegen 0.11/turn               (no ring)
MPRegen 0.09/turn               (no ring)

@: no status effects
A: sickness immunity, AC +4, negative energy resistance 1, electricity
resistance, torment resistance 1, petrification resistance
a: no special abilities


You were on level 3 of the Dungeon.
You visited 1 branch of the dungeon, and saw 3 of its levels.

You collected 128 gold pieces.

Inventory:

Hand Weapons
 a - a +0 trident (weapon)
Missiles
 e - 3 boomerangs (quivered)
 g - a throwing net
 h - 122 stones
Armour
 b - a +0 scale mail (worn)
 c - a +0 buckler (worn)
 m - a +0 pair of gloves (worn)
Scrolls
 i - a scroll of noise {unknown}
 j - a scroll of enchant armour {unknown}
 n - a scroll of vulnerability {unknown}
 o - a scroll of enchant weapon {unknown}
Potions
 d - a potion of might
 f - a potion of haste {unknown}
 k - a potion of cancellation {unknown}
 l - a potion of degeneration {unknown}
 p - 2 potions of curing {unknown}
 q - a potion of attraction {unknown}


   Skills:
 + Level 3.7 Fighting
 * Level 2.9 Polearms
 + Level 3.7 Armour
 * Level 2.0 Dodging
 + Level 0.0 Stealth
 + Level 3.8 Shields


You had 4 spell levels left.
You didn't know any spells.
Your spell library was empty.

Dungeon Overview and Level Annotations

Branches:
Dungeon (3/15)

Altars:
Fedhas
Xom
Zin

Annotations:
D:3 Sigmund


Innate Abilities, Weirdness & Mutations

You are immune to sickness and miasma.
Your stone body is resilient. (AC +4)
You are immune to poison.
You resist negative energy. (rN+)
You are resistant to electric shocks. (rElec)
You are resistant to unholy torment.
You are immune to petrification.


Message History

You hit the adder.
You kill the adder!
You puncture the hobgoblin!
You kill the hobgoblin!
No target in view!
No target in view!
No target in view!
You see here an adder corpse.
p - 2 blue potions (gained 1) Sigmund the Dreaded comes into view.
He is wielding a +0 scythe.
Sigmund shouts!
Sigmund mumbles some strange words.
Sigmund flickers and vanishes!
Deactivating autopickup; reactivate with Ctrl-A.
No target in view!
No target in view!
Found 10 gold pieces.
A magic dart appears from out of thin air!
The magic dart hits you!
Throw: 3 boomerangs
Press: ? - help, Q - select action, (/) - cycle Shift-Dir - straight line, f - you Really target yourself?
Okay, then.
Throw: 3 boomerangs
Press: ? - help, Q - select action, (/) - cycle Shift-Dir - straight line You throw a boomerang.
Something tries to affect you, but you resist.
Something completely misses you.
You hit something. Something hits you.
You hit something but do no damage. You closely miss something.
Something hits you.
You barely miss something. Something hits you but does no damage.
You miss something. Something hits you but does no damage.
You barely miss something. Something hits you!
You barely miss something. You closely miss something. Something hits you!
* * * LOW HITPOINT WARNING * * *
You hit something. Something hits you but does no damage.
You miss something. Something hits you.
You die...

..........# #..
......[..# #..
.......... #.#
##...###### #.#
##......$. #.# #.#
#†# #.# ##.# #{#
#... #@# #... #.#
#... #.# #... #.#
##..
#.################
#.................
#########....#####
#.##.# #
#.##.#####


There were no monsters in sight!

Vanquished Creatures
  An orc priest (D:3)
  5 adders
  2 dart slugs (D:1)
  2 orcs (D:3)
  7 ball pythons
  5 bats
  An endoplasm (D:1)
  3 goblins
  9 hobgoblins
  4 jackals (D:3)
  5 kobolds
  5 quokkas
  3 frilled lizards
  4 rats
56 creatures vanquished.

Notes
Turn   | Place    | Note
-------+----------+-------------------------------------------
     0 | D:1      | southernslant the Gargoyle Fighter began the quest for the
                  | Orb.
     0 | D:1      | Reached XP level 1. HP: 14/14 MP: 1/1
   116 | D:1      | Reached XP level 2. HP: 10/19 MP: 2/2
   334 | D:1      | Reached skill level 1 in Dodging
   710 | D:1      | Reached XP level 3. HP: 23/23 MP: 3/3
  1024 | D:2      | Found a blossoming altar of Fedhas.
  1169 | D:2      | Reached XP level 4. HP: 28/28 MP: 4/4
  1190 | D:2      | Found a faded altar of an unknown god.
  1920 | D:3      | Found a shimmering altar of Xom.
  1920 | D:3      | Found a glowing silver altar of Zin.
  1920 | D:3      | Noticed an angel
  2011 | D:3      | Reached XP level 5. HP: 33/33 MP: 5/5
  2172 | D:3      | Noticed Sigmund
  2191 | D:3      | Slain by Sigmund

Illustrated notes

Levels and vault maps discovered:
D:1:      dpeg_arrival_connections, layout_loops_cross
D:2:      layout_basic, basic_ecumenical_altar, basic_altar
D:3:      layout_basic, grunt_temple_overflow_order_and_chaos_1, uniq_sigmund

Skill      XL: |  1  2  3  4  5 |
---------------+----------------+-----
Polearms       | 2 |  2.9
Dodging        | 1 2 |  2.0
Fighting       | |  3.7
Armour         | |  3.7
Shields        | |  3.8

Action                   |  1- 3 |  4- 6 || total
-------------------------+-------+-------++-------
Melee: Trident           |    92 |    80 ||   172
Throw: Boomerang         |       |     3 ||     3
Armor: Scale mail        |    38 |    30 ||    68
Dodge: Dodged            |    36 |    28 ||    64
Block: Buckler           |    17 |    13 ||    30

Table legend: (Time is in decaauts)
 A = Elapsed time spent in this place.
 B = Non-inter-level travel time spent in this place.
 C = Inter-level travel time spent in this place.
 D = Time resting spent in this place.
 E = Time spent auto-exploring this place.
 F = Levels seen in this place.
 G = Mean time per level.
                   A        B        C        D        E       F      G
               +--------+--------+--------+--------+--------+-----+--------+
         Total |   2228 |   2157 |     71 |      0 |   1770 |   3 |  742.7 |
       Dungeon |   2228 |   2157 |     71 |      0 |   1770 |   3 |  742.7 |
               +--------+--------+--------+--------+--------+-----+--------+

Top non-repeatable levels by time:
     D:1: 1017 daAuts
     D:2: 734 daAuts
     D:3: 476 daAuts
